[Event "Late-Titled-Tuesday-Blitz-September-19-2023"]
[Site "Chess.com"]
[Date "2023.09.19"]
[Round "11"]
[White "Garmendiarov"]
[Black "SEBAZZANO"]
[Result "0-1"]
[WhiteElo "2304"]
[BlackElo "2213"]
[TimeControl "180+1"]
[EndTime "16:02:58 PDT"]
[Termination "SEBAZZANO won by resignation"]

1. e4 e6 2. d4 d5 3. Nc3 dxe4 4. Nxe4 Bd7 5. Nf3 Bc6 6. Bd3 Bxe4 7. Bxe4 c6 8. Qe2 Nf6 9. Bg5 Nbd7 10. Bd3 Bd6 11.
O-O-O Qc7 12. Rhe1 O-O-O 13. Kb1 Rhe8 14. Ne5 h6 15.
Bh4 g5 16. Bg3 Bxe5 17. Bxe5 Nxe5 18. dxe5 Nd5 19. g3 Qb6 20. a3 Nc3+ 21. Kc1 Nxe2+ 22. Rxe2 Rd7 23. Bc4 Rxd1+ 24. Kxd1 Qd4+ 25. Bd3 Qxb2 26. c4 Qxa3 0-1

[Event "Late-Titled-Tuesday-Blitz-September-19-2023"]
[Site "Chess.com"]
[Date "2023.09.19"]
[Round "11"]
[White "hellokostya"]
[Black "reevecanada"]
[Result "0-1"]
[WhiteElo "2600"]
[BlackElo "2537"]
[TimeControl "180+1"]
[EndTime "16:03:17 PDT"]
[Termination "reevecanada won by resignation"]

1. Nf3 d5 2. e3 Nd7 3. c4 c6 4. Nc3 e6 5. b3 Ngf6 6. Bb2 e5 7. Be2 a6 8. cxd5 cxd5 9. d4 e4 10. Ne5 Bd6 11. Na4 O-O 12. O-O Qe7 13. Nxd7 Bxd7 14.
Nb6 Rad8 15. Rc1 Bxh2+ 16. Kxh2 Qd6+ 17. Kg1 Qxb6 18. Ba3 Rfe8 19. Bc5 Qe6 20. Rc3 Qf5 21. Bd6 Qg6 22. Bg3 h5 23. Bh4 Bh3 24. g3 Bxf1 25. Qxf1 Rc8 26. Qc1 Qf5 27. Bxf6 gxf6 28. Kf1 Qh3+ 29. Ke1 Rxc3 30. Qxc3 Rc8 31. Qd2 h4 32. gxh4 Qxh4 33. Bf1 f5 34. Kd1 Qg4+ 35. Ke1 Rc7 36. Be2 Qh4 37. Bf1 f4 38. exf4 e3 0-1

[Event "Late-Titled-Tuesday-Blitz-September-19-2023"]
[Site "Chess.com"]
[Date "2023.09.19"]
[Round "11"]
[White "dropstoneDP"]
[Black "VitaliyBernadskiy"]
[Result "1-0"]
[WhiteElo "3060"]
[BlackElo "2879"]
[TimeControl "180+1"]
[EndTime "16:03:20 PDT"]
[Termination "dropstoneDP won by resignation"]

1. e4 c5 2. Nf3 d6 3. d4 cxd4 4.
Nxd4 Nf6 5. Nc3 g6 6. Be3 Nc6 7. f3 h5 8. Bc4 Bg7 9. Qd2 Bd7 10.
O-O-O Ne5 11. Bb3 Rc8 12. Kb1 Nc4 13. Bxc4 Rxc4 14. h3 a6 15. g4 b5 16. g5 Nh7 17.
h4 Nf8 18. Nd5 Ne6 19. Nxe6 Bxe6 20. b3 Bxd5 21. Qxd5 Qa5 22. Rd3 Rxc2 23. Kxc2 Qxa2+ 24. Kd1 Qb1+ 25. Ke2 Qxh1 26. Qc6+ 1-0

[Event "Late-Titled-Tuesday-Blitz-September-19-2023"]
[Site "Chess.com"]
[Date "2023.09.19"]
[Round "11"]
[White "Arimin1329"]
[Black "Mimsychess"]
[Result "0-1"]
[WhiteElo "2278"]
[BlackElo "2361"]
[TimeControl "180+1"]
[EndTime "16:03:22 PDT"]
[Termination "Mimsychess won by resignation"]

1. d4 d5 2. Nf3 Nf6 3. b3 Bf5 4. Bb2 a5 5. a4 h6 6. e3 e6 7. Bd3 Bb4+ 8. c3 Bd6 9. Bxf5 exf5 10. g3 O-O 11. Nbd2 c6 12. Ba3 Re8 13. Bxd6 Qxd6 14. Ne5 Nbd7 15. Ndf3 Ne4 16. Qc2 Nxe5 17. Nxe5 Rxe5 18.
dxe5 Qxe5 19. Rc1 Rd8 20. O-O Rd6 21. f3 Nc5 22. Rce1 h5 23. b4 Nd7 24. e4 dxe4 25. fxe4 axb4 26. cxb4 Qd4+ 27. Kh1 Qxb4 28. exf5 Nf6 29. Rf4 Qxe1+ 0-1

[Event "Late-Titled-Tuesday-Blitz-September-19-2023"]
[Site "Chess.com"]
[Date "2023.09.19"]
[Round "11"]
[White "Chessbard1972"]
[Black "Der_Honigdachs"]
[Result "0-1"]
[WhiteElo "2380"]
[BlackElo "2524"]
[TimeControl "180+1"]
[EndTime "16:03:28 PDT"]
[Termination "Der_Honigdachs won by resignation"]

1. e4 d5 2. exd5 Qxd5 3. Nc3 Qd6 4. d4 Nf6 5. Bc4 c6 6. Nge2 Bf5 7. O-O e6 8. Bf4 Qd8 9. Ng3 Bg6 10. Re1 Bd6 11.
Bxd6 Qxd6 12. Nge4 Nxe4 13. Nxe4 Qb4 14. Bb3 O-O 15. h4 a5 16. c3 Qb6 17. a4 Nd7 18. h5 Bxe4 19. Rxe4 Nf6 20. Re5 h6 21. Rb1 Rfd8 22.
Bc2 Rac8 23. Qe2 c5 24. dxc5 Rxc5 25. Rxc5 Qxc5 26. g4 Qg5 27. Rd1 Rxd1+ 28. Bxd1 Nxh5 29. Qe4 Nf6 30. Qxb7 Qc1 31. Qb8+ Kh7 32. Qd6 Nd5 33. Kg2 Qxd1 34. f3 Ne3+ 35. Kg3 Qxd6+ 0-1

[Event "Late-Titled-Tuesday-Blitz-September-19-2023"]
[Site "Chess.com"]
[Date "2023.09.19"]
[Round "11"]
[White "arminmusovic"]
[Black "AlexandraBotez"]
[Result "1-0"]
[WhiteElo "2494"]
[BlackElo "2297"]
[TimeControl "180+1"]
[EndTime "16:03:40 PDT"]
[Termination "arminmusovic won by resignation"]

1. a3 d5 2. Nc3 c5 3. e4 d4 4.
Nce2 Nc6 5. Ng3 e5 6. Bb5 Nf6 7. Bxc6+ bxc6 8. d3 Bd6 9. b3 Bc7 10. N1e2 Be6 11. h3 Qd7 12. f4 exf4 13. Bxf4 Ba5+ 14.
Bd2 Bc7 15. Bf4 Ba5+ 16. Kf2 h6 17. Rf1 Bc7 18. Kg1 O-O 19. Qd2 Bxf4 20. Rxf4 Qe7 21. Raf1 Nd7 22. Nf5 Bxf5 23. Rxf5 Ne5 24. Qf4 f6 25.
Qg3 a5 26. a4 Rf7 27. Nf4 Re8 28. h4 Qd6 29. h5 Qe6 30. Nxe6 1-0

[Event "Late-Titled-Tuesday-Blitz-September-19-2023"]
[Site "Chess.com"]
[Date "2023.09.19"]
[Round "11"]
[White "Parhamov"]
[Black "maciek_92"]
[Result "1-0"]
[WhiteElo "3035"]
[BlackElo "2772"]
[TimeControl "180+1"]
[EndTime "16:03:44 PDT"]
[Termination "Parhamov won on time"]

1. e4 c5 2. Nf3 e6 3. d4 cxd4 4.
Nxd4 Nc6 5. Nc3 a6 6. a3 Qc7 7.
g3 Nf6 8. Bg2 Nxd4 9. Qxd4 Bc5 10.
Qd3 h5 11. h3 b5 12. Bf4 d6 13.
O-O-O e5 14. Be3 Be6 15. f4 Rc8 16. Bxc5 dxc5 17. Nd5 Qd8 18. Qc3 exf4 19. Nxf4 Qe7 20. e5 Nd7 21. Rd6 h4 22. Rhd1 Qg5 23. Kb1 b4 24. axb4 Nxe5 25. Nxe6 1-0

[Event "Late-Titled-Tuesday-Blitz-September-19-2023"]
[Site "Chess.com"]
[Date "2023.09.19"]
[Round "11"]
[White "kleopl"]
[Black "ural58"]
[Result "1-0"]
[WhiteElo "2475"]
[BlackElo "2533"]
[TimeControl "180+1"]
[EndTime "16:03:53 PDT"]
[Termination "kleopl won by resignation"]

1. e4 d5 2. exd5 Qxd5 3. Nc3 Qa5 4. d4 Nf6 5. Nf3 Nc6 6. Be2 Bg4 7. h3 Bxf3 8. Bxf3 O-O-O 9. Bxc6 bxc6 10. O-O e5 11.
Qf3 exd4 12. Ne2 Qd5 13. Qd3 Qb5 14. Qf3 Be7 15. a4 Qd5 16. Qd3 c5 17. b3 Rhe8 18. Ng3 g6 19. Ba3 Bd6 20. Rad1 h5 21. Rfe1 h4 22. Nf1 Rxe1 23. Rxe1 Re8 24. Rxe8+ Nxe8 25. Qa6+ Qb7 26. Qc4 Qc6 27. Qxf7 Be5 28. Bxc5 Qxc5 29.
Qxe8+ Kb7 30. Qxg6 Qc6 31. Qd3 Bf6 32. Nd2 Qd5 33.
Qe4 Kc6 34. Qxd5+ Kxd5 35. Kf1 d3 36. cxd3 Kd4 37. Ke2 Kc3 38. Ne4+ Kxb3 39. Nxf6 Kxa4 40. g4 1-0

[Event "Late-Titled-Tuesday-Blitz-September-19-2023"]
[Site "Chess.com"]
[Date "2023.09.19"]
[Round "11"]
[White "martinez_95"]
[Black "davigator"]
[Result "1-0"]
[WhiteElo "2225"]
[BlackElo "2315"]
[TimeControl "180+1"]
[EndTime "16:04:09 PDT"]
[Termination "martinez_95 won by checkmate"]

1. d4 Nf6 2. Nf3 e6 3. g3 b5 4. Bg2 Bb7 5. O-O d5 6. a4 b4 7. c3 bxc3 8. Nxc3 Nbd7 9. a5 Ba6 10. Bf4 c5 11. e4 Bxf1 12. Qxf1 dxe4 13. Ne5 cxd4 14. Nxe4 Rc8 15. Qa6 Nd5 16. Nxf7 Kxf7 17. Ng5+ Ke8 18. Qxe6+ Qe7 19. Qxd5 Nf6 20. Qb5+ Qd7 21.
Re1+ Be7 22. Qb3 Rf8 23. Bh3 Ng4 24. Ne6 h5 25. Nxg7+ Kd8 26. Ne6+ Ke8 27. Bxg4 hxg4 28. Nxf8 Kxf8 29. Bh6+ Ke8 30. Qg8# 1-0

[Event "Late-Titled-Tuesday-Blitz-September-19-2023"]
[Site "Chess.com"]
[Date "2023.09.19"]
[Round "11"]
[White "IMSlavin"]
[Black "PawnEatingZombie"]
[Result "1-0"]
[WhiteElo "2286"]
[BlackElo "2196"]
[TimeControl "180+1"]
[EndTime "16:04:27 PDT"]
[Termination "IMSlavin won on time"]

1. e4 Nf6 2. Nc3 d5 3. e5 d4 4.
exf6 dxc3 5. fxg7 cxd2+ 6. Qxd2 Qxd2+ 7. Bxd2 Bxg7 8. O-O-O Nc6 9. Bb5 Bd7 10. h4 O-O-O 11. h5 h6 12. Ne2 Ne5 13. Bxd7+ Rxd7 14. Bc3 Rxd1+ 15. Rxd1 Bf6 16. f3 Nd7 17. g4 Bxc3 18. Nxc3 Ne5 19. Rf1 Rd8 20. Ne4 f6 21. Nd2 c5 22.
Kd1 b5 23. Ke2 Kc7 24. b3 Kc6 25. Ke3 c4 26. Ne4 a5 27. Ng3 c3 28. Nf5 Rd2 29.
Rf2 Rxf2 30. Kxf2 Nd3+ 31. Ke3 Nb4 32. Nd4+ Kc5 33. a3 Nd5+ 34. Ke4 b4 35. a4 Nb6 36. f4 Kd6 37. Nf5+ Kd7 38. Kd3 1-0

[Event "Late-Titled-Tuesday-Blitz-September-19-2023"]
[Site "Chess.com"]
[Date "2023.09.19"]
[Round "11"]
[White "Miguelitro69"]
[Black "Cambek64"]
[Result "0-1"]
[WhiteElo "2291"]
[BlackElo "2462"]
[TimeControl "180+1"]
[EndTime "16:04:28 PDT"]
[Termination "Cambek64 won by resignation"]

1. e4 Nc6 2. Nf3 d5 3. e5 Bg4 4. d4 e6 5. c3 Nge7 6. h3 Bxf3 7. Qxf3 Ng6 8. Bd3 Qd7 9. h4 Be7 10. h5 Nf8 11. Qg4 Rg8 12. Nd2 O-O-O 13. Nf3 Re8 14.
Bg5 h6 15. Bxh6 f6 16. Bxg7 fxe5 17. dxe5 d4 18. cxd4 Rxg7 19. Qe4 Nb4 20. h6 Nxd3+ 21. Qxd3 Rh7 22. O-O-O Rd8 23. Kb1 Qe8 24. Rc1 Qg6 25. Qxg6 Nxg6 26. g3 Rdh8 27. Nh4 Bxh4 28. gxh4 Rxh6 29.
Rhg1 Nxh4 30. Rc3 Nf5 31. Rgc1 c6 32. Rc4 Rd8 33. a4 Rxd4 0-1

[Event "Late-Titled-Tuesday-Blitz-September-19-2023"]
[Site "Chess.com"]
[Date "2023.09.19"]
[Round "11"]
[White "nihalsarin"]
[Black "FairChess_on_YouTube"]
[Result "0-1"]
[WhiteElo "3131"]
[BlackElo "3089"]
[TimeControl "180+1"]
[EndTime "16:04:30 PDT"]
[Termination "FairChess_on_YouTube won by resignation"]

1. e4 c5 2. Nf3 g6 3. c3 d5 4. exd5 Qxd5 5. d4 Bg7 6. Na3 Nf6 7. Bc4 Qe4+ 8. Be2 O-O 9. O-O Rd8 10. Re1 Nc6 11. Bc4 Qg4 12. Qb3 e6 13. dxc5 Qh5 14. Bg5 h6 15. Bxf6 Bxf6 16. Qb5 Bd7 17. Qxb7 Rab8 18. Qc7 Rxb2 19. Rad1 Qxc5 20. Re2 Be8 21. Rxd8 Bxd8 22. Qf4 Rxe2 23. Bxe2 Qxa3 24. Qxh6 Qxa2 25. Bf1 Qa1 26. Qd2 Bf6 27. g3 Qxc3 28. Qd1 Nd4 0-1

[Event "Late-Titled-Tuesday-Blitz-September-19-2023"]
[Site "Chess.com"]
[Date "2023.09.19"]
[Round "11"]
[White "filipluczak05"]
[Black "Bauman_Guy"]
[Result "1-0"]
[WhiteElo "2674"]
[BlackElo "2891"]
[TimeControl "180+1"]
[EndTime "16:04:30 PDT"]
[Termination "filipluczak05 won by checkmate"]

1. d4 Nf6 2. Nc3 d5 3. Bf4 c5 4.
e3 g6 5. dxc5 Bg7 6. Bb5+ Nc6 7.
Nf3 O-O 8. O-O Bg4 9. h3 Bxf3 10. Qxf3 e6 11. Bxc6 bxc6 12. Be5 a5 13. Na4 Ne4 14. Bxg7 Kxg7 15. Rad1 Qe7 16. Qf4 e5 17. Qh2 f6 18. c4 dxc4 19. h4 Rad8 20. h5 Nxc5 21. Nxc5 Qxc5 22. Qh4 Rd3 23. Rc1 c3 24. bxc3 Rfd8 25.
Qg4 R3d7 26. Kh2 Qd5 27. e4 Qd2 28. Rcd1 Qxd1 29. Rxd1 Rxd1 30. Qe6 R1d6 31. Qe7+ Kh6 32. hxg6 hxg6 33. Qa7 Rd2 34. Qxa5 R8d3 35. Qa8 Rxf2 36.
Qxc6 Rdd2 37. Qc8 Rxg2+ 38. Kh3 Rxa2 39. Qh8+ Kg5 40. Qh4# 1-0

[Event "Late-Titled-Tuesday-Blitz-September-19-2023"]
[Site "Chess.com"]
[Date "2023.09.19"]
[Round "11"]
[White "Defenstrator"]
[Black "CFalcons8"]
[Result "0-1"]
[WhiteElo "2329"]
[BlackElo "2278"]
[TimeControl "180+1"]
[EndTime "16:04:34 PDT"]
[Termination "CFalcons8 won by checkmate"]

1. d4 Nf6 2. Nf3 e6 3. c4 b6 4. g3 Bb7 5. Bg2 Be7 6. O-O O-O 7. Qc2 d5 8. Bf4 Nbd7 9. Nc3 dxc4 10. Ne5 Bxg2 11.
Kxg2 Nxe5 12. Bxe5 Nd5 13. g4 c5 14. dxc5 Bxc5 15.
Ne4 Rc8 16. h4 Qxh4 17. Rh1 Qxg4+ 18. Ng3 g6 19. Rxh7 Nf4+ 20. Bxf4 Kxh7 21. Rh1+ Kg8 22. Bh6 Rfd8 23. f3 Qd4 24. Kh3 Rd5 25. Ne4 Rh5+ 26.
Kg2 Rxh1 27. e3 Qd1 28. Nf6+ Kh8 29. Qc3 Qg1# 0-1

[Event "Late-Titled-Tuesday-Blitz-September-19-2023"]
[Site "Chess.com"]
[Date "2023.09.19"]
[Round "11"]
[White "krzyzan94"]
[Black "Oleksandr_Bortnyk"]
[Result "0-1"]
[WhiteElo "2812"]
[BlackElo "3012"]
[TimeControl "180+1"]
[EndTime "16:04:35 PDT"]
[Termination "Oleksandr_Bortnyk won by resignation"]

1. Nf3 Nf6 2. g3 g6 3. Bg2 Bg7 4. O-O O-O 5. c4 d6 6. d4 Bf5 7.
Nc3 Ne4 8. Nh4 Nxc3 9. bxc3 Bc8 10. e4 Nc6 11. f4 Na5 12. Qd3 Qd7 13. Nf3 Qa4 14.
c5 dxc5 15. d5 Qc4 16. Qxc4 Nxc4 17. e5 Bf5 18. Re1 Rfd8 19. Bf1 Nb6 20. c4 e6 21.
dxe6 Bxe6 22. Nd2 Rd4 23. Nb3 Nxc4 24. Nxd4 cxd4 25. Rb1 b6 26. Bd3 c5 27. g4 Bd5 28.
a4 Rd8 29. Kf2 Na5 30. Be4 Bxe4 31. Rxe4 c4 32. f5 Nc6 33. f6 Bf8 34. e6 fxe6 35.
Rxe6 Rd6 36. Rxd6 Bxd6 37. g5 c3 38. Ke2 Nb4 39. Bf4 Bxf4 40. Rxb4 c2 41. Rxd4 c1=Q 42.
Rd8+ Kf7 43. Rd7+ Ke8 44. Re7+ Kf8 0-1

[Event "Late-Titled-Tuesday-Blitz-September-19-2023"]
[Site "Chess.com"]
[Date "2023.09.19"]
[Round "11"]
[White "Botvinnak"]
[Black "GMJustin"]
[Result "1-0"]
[WhiteElo "2337"]
[BlackElo "2233"]
[TimeControl "180+1"]
[EndTime "16:04:37 PDT"]
[Termination "Botvinnak won on time"]

1. b3 e5 2. Bb2 Nc6 3. e3 d5 4.
Bb5 f6 5. c4 a6 6. Ba4 dxc4 7.
bxc4 Be6 8. d3 Bb4+ 9. Bc3 Bxc3+ 10. Nxc3 Ne7 11. Rb1 Rb8 12. Nge2 O-O 13. O-O Bf5 14.
e4 Be6 15. Nd5 Qd6 16. f4 exf4 17. Nexf4 Nd4 18. Rc1 c6 19. c5 Qd8 20. Nxe6 Nxe6 21. Nxe7+ Qxe7 22. Bb3 Kh8 23. d4 Rbd8 24. Rc4 Nxd4 25.
Kh1 Qe5 26. h3 Nf5 27. exf5 Rxd1 28. Bxd1 Rd8 29. Bb3 h5 30. Rh4 g6 31. fxg6 Kg7 32. Bd1 Rd2 33. Bf3 Qg3 34. Rxh5 Kxg6 35. Rh8 Kg7 36.
Re8 Rxa2 37. Rd1 Rf2 38. Rd7+ Kh6 39. Rh8+ Kg5 40. Rg7+ Kf4 41. Rxg3 Kxg3 42. Rg8+ Kf4 43. Rg7 Rc2 44. Rxb7 Rxc5 45. Rb6 a5 46. Bxc6 1-0

[Event "Late-Titled-Tuesday-Blitz-September-19-2023"]
[Site "Chess.com"]
[Date "2023.09.19"]
[Round "11"]
[White "Journey_to_GrandMaster_YT"]
[Black "Bilan_Danila"]
[Result "1-0"]
[WhiteElo "2662"]
[BlackElo "2562"]
[TimeControl "180+1"]
[EndTime "16:04:38 PDT"]
[Termination "Journey_to_GrandMaster_YT won by resignation"]

1. d4 d5 2. Nf3 Nf6 3. c4 c6 4.
Nc3 e6 5. e3 Nbd7 6. Qc2 Bd6 7.
b3 e5 8. cxd5 cxd5 9. dxe5 Nxe5 10. Nd4 O-O 11. Be2 Bg4 12. h3 Bxe2 13. Ndxe2 Rc8 14. O-O Ne4 15. Bb2 Qh4 16. Qd1 Nf3+ 17.
gxf3 Qxh3 18. f4 Qg4+ 19. Ng3 Qh3 20. Ncxe4 dxe4 21. Qxd6 Rc6 22. Qe5 Rg6 23. f5 f6 24.
Qd5+ Kh8 25. fxg6 1-0

[Event "Late-Titled-Tuesday-Blitz-September-19-2023"]
[Site "Chess.com"]
[Date "2023.09.19"]
[Round "11"]
[White "BeanScreen"]
[Black "SCIM"]
[Result "1-0"]
[WhiteElo "2704"]
[BlackElo "2574"]
[TimeControl "180+1"]
[EndTime "16:04:40 PDT"]
[Termination "BeanScreen won by resignation"]

1. e4 c5 2. c3 d5 3. exd5 Qxd5 4. d4 Nf6 5. Nf3 e6 6. Na3 Qd8 7. Nc4 Nc6 8. Be3 cxd4 9. Nxd4 Nxd4 10. Bxd4 Be7 11.
Bd3 O-O 12. Qe2 Bd7 13. O-O-O Qc8 14. g4 Ba4 15. Rdg1 Nd5 16. Qe4 g6 17. g5 Qc7 18.
Be5 Qc5 19. Qh4 f6 20. Bxg6 hxg6 21. gxf6 Bxf6 22. Rxg6+ Kf7 23. Qh7+ Ke8 24. Nd6+ Qxd6 25. Bxd6 Rf7 26. Rg8+ Kd7 27. Qxf7+ 1-0

[Event "Late-Titled-Tuesday-Blitz-September-19-2023"]
[Site "Chess.com"]
[Date "2023.09.19"]
[Round "11"]
[White "canary2016"]
[Black "AlexNovitz"]
[Result "0-1"]
[WhiteElo "2142"]
[BlackElo "2236"]
[TimeControl "180+1"]
[EndTime "16:04:41 PDT"]
[Termination "AlexNovitz won by resignation"]

1. e4 e6 2. Nf3 d5 3. e5 c5 4. b4 cxb4 5. a3 Nc6 6. axb4 Bxb4 7. c3 Be7 8. d4 a6 9. Bd3 f6 10. exf6 Nxf6 11. O-O O-O 12. Re1 Bd7 13. Ne5 Nxe5 14. Rxe5 Bd6 15. Re3 Qc7 16. h3 e5 17. dxe5 Bxe5 18. Bb2 Bc6 19. Qe2 Rae8 20. Nd2 Bh2+ 21. Kh1 Bf4 22. Rxe8 Rxe8 23. Qd1 Qb6 24. Rb1 Qxf2 25.
Nf3 Ne4 26. Bxe4 dxe4 27. Nh2 Qg3 28. Nf1 Qd3 29. Qb3+ Bd5 30. Qd1 Bc4 31. Ba3 e3 32. Qa4 b5 33. Qd1 e2 34. Qxd3 Bxd3 35. Ra1 exf1=Q+ 0-1

[Event "Late-Titled-Tuesday-Blitz-September-19-2023"]
[Site "Chess.com"]
[Date "2023.09.19"]
[Round "11"]
[White "Ready4abattle"]
[Black "Inepton_Fermion"]
[Result "0-1"]
[WhiteElo "2301"]
[BlackElo "2350"]
[TimeControl "180+1"]
[EndTime "16:04:43 PDT"]
[Termination "Inepton_Fermion won by resignation"]

1. e4 c5 2. Nf3 e6 3. d4 cxd4 4. Nxd4 Nc6 5. Nc3 Qc7 6. g3 a6 7. Bg2 Nge7 8. O-O Nxd4 9. Qxd4 Nc6 10. Qd1 Ne5 11. f4 Nc4 12. Qe2 b5 13. e5 Bb7 14.
Ne4 d5 15. Ng5 Bc5+ 16. Kh1 h6 17. Nf3 d4 18. b3 Ne3 19. Bxe3 dxe3 20. c4 b4 21.
Rad1 O-O 22. h4 a5 23. Kh2 a4 24. Nd4 Bxg2 25. Kxg2 Qb6 26. Nb5 axb3 27. axb3 Rfd8 28.
Rxd8+ Rxd8 29. Rd1 Qc6+ 30. Kh2 Rxd1 31. Qxd1 Qe4 32. Qe2 Qb1 33. g4 Qxb3 34. f5 Qb1 35.
fxe6 fxe6 36. g5 hxg5 37. hxg5 Qf5 38. Qh5 Qxe5+ 39. Kh3 Qf5+ 40. Kh2 g6 0-1

[Event "Late-Titled-Tuesday-Blitz-September-19-2023"]
[Site "Chess.com"]
[Date "2023.09.19"]
[Round "11"]
[White "aNaartjieZA"]
[Black "GeorgiosSouleidis"]
[Result "1-0"]
[WhiteElo "2601"]
[BlackElo "2511"]
[TimeControl "180+1"]
[EndTime "16:04:44 PDT"]
[Termination "aNaartjieZA won by checkmate"]

1. e4 c5 2. Nf3 e6 3. d3 d5 4. Nbd2 Nc6 5. g3 Be7 6. Bg2 Nf6 7. O-O O-O 8. Re1 h6 9. e5 Nh7 10. h4 b6 11. Nf1 a5 12. Bf4 a4 13. Qd2 a3 14.
bxa3 Rxa3 15. Bxh6 gxh6 16. Qxh6 Kh8 17. g4 Rg8 18. g5 Nb4 19. Re2 Rxa2 20. Rxa2 Nxa2 21.
N1h2 Nc3 22. Re1 Bd7 23. Ng4 Nb5 24. Nf6 Bxf6 25. exf6 Nd4 26. Ne5 Qf8 27. Ra1 Nf5 28. Qh5 Be8 29. Ra8 Qd6 30. Rxe8 Qxe5 31. Qxf7 Qe1+ 32. Bf1 Nh6 33. Qg7# 1-0

[Event "Late-Titled-Tuesday-Blitz-September-19-2023"]
[Site "Chess.com"]
[Date "2023.09.19"]
[Round "11"]
[White "Laico"]
[Black "simplerXiao"]
[Result "0-1"]
[WhiteElo "2421"]
[BlackElo "2602"]
[TimeControl "180+1"]
[EndTime "16:04:47 PDT"]
[Termination "simplerXiao won on time"]

1. e4 c5 2. Nc3 e6 3. f4 d5 4. e5 Nc6 5. Bb5 Ne7 6. Nf3 g6 7.
O-O Nf5 8. Bxc6+ bxc6 9. d3 c4 10. dxc4 Ba6 11. g4 Nh4 12. Nxh4 Qxh4 13. b3 Rd8 14.
Qe2 Bc5+ 15. Kh1 dxc4 16. bxc4 Bd4 17. Bd2 c5 18. Rab1 h5 19. g5 Qg4 20. Qxg4 hxg4 21.
Kg2 Bxc4 22. Rfd1 Rh3 23. Ne4 Bd5 24. Re1 Ra3 25. c3 Rxa2 26. Kg3 Bxe4 27. Rxe4 Rxd2 28. cxd4 cxd4 29. Rb7 Rd7 30. Rb8+ Ke7 31. Re1 Rc7 32.
Ra1 Rc3+ 33. Kxg4 Rg2+ 34. Kh4 Rxh2+ 35. Kg4 Rc7 36. Ra8 d3 37. R8xa7 Kd7 38. Rxc7+ Kxc7 39. Ra7+ Kc6 40. Ra6+ Kc5 41. Rd6 Kc4 42. Kg3 Rh1 43. Kf3 Kc3 44. Ke3 Re1+ 45. Kf2 Re2+ 46. Kf3 Kd2 47. Rd7 Re3+ 48. Kf2 Re2+ 49. Kf3 Re1 50. Rxf7 Rf1+ 51. Ke4 Ke2 0-1

[Event "Late-Titled-Tuesday-Blitz-September-19-2023"]
[Site "Chess.com"]
[Date "2023.09.19"]
[Round "11"]
[White "oskariot"]
[Black "hansen"]
[Result "0-1"]
[WhiteElo "2732"]
[BlackElo "2921"]
[TimeControl "180+1"]
[EndTime "16:04:48 PDT"]
[Termination "hansen won by resignation"]

1. e4 e5 2. Nf3 Nc6 3. Nc3 Nf6 4.
h3 Bb4 5. Nd5 Bd6 6. Bc4 O-O 7. d3 Nxd5 8. Bxd5 Ne7 9. Bb3 Nc6 10.
Ng5 Qf6 11. a3 Bc5 12. O-O h6 13. Nxf7 Rxf7 14. Be3 d6 15. Bxc5 dxc5 16. Bxf7+ Qxf7 17. Qd2 Qf4 18. Qc3 b6 19. Qc4+ Kh7 20. Qd5 Qf6 21. f4 exf4 22. e5 Qg6 23. Rxf4 Bxh3 24. Re1 Rd8 25. Qf3 Bc8 26. e6 Nd4 27. Rxd4 cxd4 28. Qc6 Rd6 29. Qxc7 Rxe6 0-1

[Event "Late-Titled-Tuesday-Blitz-September-19-2023"]
[Site "Chess.com"]
[Date "2023.09.19"]
[Round "11"]
[White "kuli4ik"]
[Black "Arystanner"]
[Result "0-1"]
[WhiteElo "2943"]
[BlackElo "2823"]
[TimeControl "180+1"]
[EndTime "16:04:50 PDT"]
[Termination "Arystanner won by resignation"]

1. Nf3 d5 2. g3 b6 3. Bg2 Bb7 4. O-O Nd7 5. d3 e6 6. Nbd2 Ngf6 7. a4 a6 8. Re1 Be7 9. e4 dxe4 10. dxe4 e5 11. b3 O-O 12. Bb2 Bd6 13. Nc4 Qe7 14. Nxd6 cxd6 15. Nd2 Rfd8 16. c4 a5 17. Re3 Nc5 18. f3 Ne6 19. Nb1 Nd7 20. Nc3 Ndc5 21.
Nd5 Bxd5 22. exd5 Qg5 23. Qe1 Nd4 24. f4 Qh6 25. Qd1 Nf5 26. Rf3 e4 27. Rc3 Re8 28. Qc2 Nd4 29. Qd1 Nf5 30. Qc2 Qf6 31. Re1 Qd4+ 32.
Kh1 Nd3 33. Re2 Nxb2 34. Bxe4 Nd1 35. Rd3 Nf2+ 36. Rxf2 Qxe4+ 37. Kg1 Nd4 38. Qd2 Ne2+ 0-1

[Event "Late-Titled-Tuesday-Blitz-September-19-2023"]
[Site "Chess.com"]
[Date "2023.09.19"]
[Round "11"]
[White "ukchessbomber"]
[Black "Hrant_ChessMood"]
[Result "0-1"]
[WhiteElo "2710"]
[BlackElo "2910"]
[TimeControl "180+1"]
[EndTime "16:04:52 PDT"]
[Termination "Hrant_ChessMood won on time"]

1. b4 e5 2. Bb2 Nf6 3. Bxe5 Nc6 4. Bxf6 Qxf6 5. c3 Bxb4 6. d4 Ba5 7. e3 O-O 8. Ne2 Re8 9. Nd2 d6 10. g3 Bg4 11.
Bg2 Bxc3 12. Rc1 Nxd4 13. Rxc3 Nxe2 14. Rc4 Bh5 15. g4 Nf4 16. Rxf4 Qxf4 17. gxh5 d5 18. Qf3 Qxf3 19. Bxf3 c6 20. h6 g6 21. Ke2 Rad8 22. Rb1 Re7 23. Nb3 Kf8 24. a4 b6 25. a5 c5 26.
axb6 axb6 27. Nc1 Re6 28. Nd3 d4 29. Nf4 Red6 30. exd4 Rxd4 31. Ng2 Rb4 32. Ra1 Rb2+ 33.
Ke3 c4 34. Nf4 Rb3+ 35. Ke4 Re8+ 36. Kd4 Rxf3 37. Nd5 b5 0-1

[Event "Late-Titled-Tuesday-Blitz-September-19-2023"]
[Site "Chess.com"]
[Date "2023.09.19"]
[Round "11"]
[White "Abund"]
[Black "DefiantChair"]
[Result "1-0"]
[WhiteElo "2776"]
[BlackElo "2611"]
[TimeControl "180+1"]
[EndTime "16:04:55 PDT"]
[Termination "Abund won by resignation"]

1. e4 c5 2. Nf3 d6 3. Bb5+ Nd7 4. c3 a6 5. Ba4 Nf6 6. Qe2 b5 7. Bc2 Bb7 8. O-O e6 9. d4 Be7 10. Nbd2 O-O 11. Re1 cxd4 12. cxd4 e5 13. Nb3 a5 14. a4 bxa4 15. Rxa4 Bc6 16. Ra1 a4 17. Nbd2 Qa5 18.
Nc4 Qc7 19. Bd3 Rfc8 20. d5 Bb5 21. Ncxe5 dxe5 22. Bxb5 h6 23. Bc6 Ra7 24. h3 Nc5 25. Nd2 Rb8 26. Qc4 Ra5 27. Bxa4 Qa7 28. b3 Nxb3 29.
Nxb3 Ra6 30. Be3 Qa8 31. Bc6 1-0

[Event "Late-Titled-Tuesday-Blitz-September-19-2023"]
[Site "Chess.com"]
[Date "2023.09.19"]
[Round "11"]
[White "dorpato"]
[Black "protectiago"]
[Result "1-0"]
[WhiteElo "2007"]
[BlackElo "2062"]
[TimeControl "180+1"]
[EndTime "16:04:56 PDT"]
[Termination "dorpato won on time"]

1. e4 e5 2. Nf3 Nc6 3. d4 exd4 4. c3 dxc3 5. Nxc3 Nf6 6. Bc4 Bb4 7. e5 Ng4 8. Bxf7+ Kf8 9. O-O Ncxe5 10. Nxe5 Nxe5 11.
Bb3 Bxc3 12. bxc3 d6 13. Bf4 Qf6 14. Bg3 Be6 15. Re1 Re8 16. Bxe5 dxe5 17. Bxe6 Rxe6 18. Re3 Ke7 19. Qd5 Rd8 20. Qc5+ Red6 21. Rxe5+ Kf8 22. Rae1 b6 23. Qb4 c5 24. Qe4 R6d7 25. Rf5 1-0

[Event "Late-Titled-Tuesday-Blitz-September-19-2023"]
[Site "Chess.com"]
[Date "2023.09.19"]
[Round "11"]
[White "Sina_Movahed"]
[Black "Hikaru"]
[Result "1/2-1/2"]
[WhiteElo "3004"]
[BlackElo "3249"]
[TimeControl "180+1"]
[EndTime "16:04:59 PDT"]
[Termination "Game drawn by repetition"]

1. e4 a6 2. d4 c6 3. Bd3 d6 4.
Nf3 g6 5. h4 Bg4 6. Nbd2 Bg7 7.
c3 Nd7 8. Nf1 e5 9. dxe5 Nxe5 10.
Be2 Bxf3 11. gxf3 Qe7 12. h5 O-O-O 13. h6 Bf8 14. Be3 d5 15. Qb3 dxe4 16. fxe4 f5 17. exf5 gxf5 18. Rd1 Rxd1+ 19. Kxd1 Qd6+ 20. Kc2 Bxh6 21.
Bd4 f4 22. Nd2 f3 23. Bf1 Bxd2 24. Bh3+ Kb8 25. Qb6 Qg6+ 26. Kb3 Qf7+ 27. Kc2 Qg6+ 28. Kb3 Qf7+ 29. Kc2 Qg6+ 1/2-1/2